 Dungeon Crawl Stone Soup version 0.21.0-3-g78d12a8 (webtiles) character file.

296 Jatast the Distorting Demonspawn (level 6, -3/47 HPs)
             Began as a Demonspawn Abyssal Knight on Jan 13, 2018.
             Was a Believer of Lugonu.
             Slain by a white imp (5 damage)
             ... summoned by Natasha
             ... on level 3 of the Dungeon.
             The game lasted 00:06:14 (3330 turns).

Jatast the Distorting Demonspawn (DsAK)             Turns: 3330, Time: 00:06:15

Health: -3/47      AC:  8    Str: 15    XL:     6   Next: 12%
Magic:  10/10      EV: 10    Int: 13    God:    Lugonu [**....]
Gold:   136        SH:  0    Dex: 12    Spells: 5/5 levels left

rFire    . . .     SeeInvis +   a - +1 mace
rCold    . . .     Gourm    .   (no shield)
rNeg     . . .     Faith    .   j - +0 ring mail
rPois    .         Spirit   .   (helmet restricted)
rElec    .         Reflect  .   d - +0 cloak
rCorr    .         Harm     .   l - +1 pair of gloves {archery}
MR       .....                  (no boots)
Stlth    +.........             (no amulet)
HPRegen  0.15/turn              b - ring of see invisible
MPRegen  0.12/turn              (no ring)

@: slowed, very slow
A: horns 2, rot immunity
a: Depart the Abyss, Bend Space, Renounce Religion


You were on level 3 of the Dungeon.
You worshipped Lugonu.
Lugonu was pleased with you.
You were not hungry.

You visited 1 branch of the dungeon, and saw 3 of its levels.
You visited the Abyss 1 time.

You collected 136 gold pieces.

Inventory:

Hand Weapons
 a - a +1 mace (weapon)
Armour
 d - a +0 cloak (worn)
 j - a +0 ring mail (worn)
 l - a +1 pair of gloves of archery (worn)
Jewellery
 b - a ring of see invisible (left hand)
Scrolls
 g - a scroll of remove curse
 i - a scroll of teleportation
Potions
 e - a potion of lignification {unknown}
 h - a potion of brilliance {unknown}
 k - a potion of mutation
 n - a potion of haste {unknown}
 o - a potion of flight {unknown}
Comestibles
 c - 4 rations
 f - 3 chunks of flesh


   Skills:
 - Level 3.0 Fighting
 + Level 4.3 Maces & Flails
 - Level 1.7 Armour
 - Level 0.8 Dodging
 - Level 6.1 Invocations


You had 5 spell levels left.
You didn't know any spells.

Dungeon Overview and Level Annotations

Branches:
Dungeon (3/15)

Altars:

Annotations:
D:3 Natasha


Innate Abilities, Weirdness & Mutations

You have a pair of horns on your head.
You are immune to rotting.


Message History

You hit Natasha but do no damage.
Natasha is almost dead.
The white imp hits you. The white imp freezes you.
Natasha claws you but does no damage.
You barely miss Natasha. Your headbutt misses Natasha.
Natasha is almost dead.
The white imp hits you. The white imp freezes you.
Natasha stares at you and mumbles some strange words.
The magic dart hits you!
* * * LOW HITPOINT WARNING * * *
You closely miss Natasha. Your headbutt misses Natasha.
Natasha is almost dead.
The white imp gestures at you. The puff of frost hits you!
* * * LOW HITPOINT WARNING * * *
Natasha stares at you and mumbles some strange words.
You feel yourself slow down. The white imp hits you.
* * * LOW HITPOINT WARNING * * *
The white imp freezes you.
You die...

#+#
##########.########.
...........5........
............@h.?....
######.##.########.
#..#.# ##.#.# ....
####รท#.# .......
#....#.##........
#.####.##........
#.####.##........#
#....#'##........<


You could see Natasha and a white imp.

Vanquished Creatures
  The ghost of Stelteck the Firebug, an amateur DrFE (D:3)
  A bullfrog (D:2)
  A hound (D:2)
  A worker ant (D:3)
  4 adders
  An ooze (D:3)
  3 worms
  2 leopard geckos
  6 bats
  3 giant cockroaches (D:2)
  4 goblins
  8 hobgoblins
  5 jackals
  2 frilled lizards
  7 kobolds
  4 rats
53 creatures vanquished.

Notes
Turn   | Place    | Note
-------+----------+-------------------------------------------
     0 | Abyss:1  | Jatast the Demonspawn Abyssal Knight began the quest for the Orb.
     0 | Abyss:1  | Reached XP level 1. HP: 18/18 MP: 2/2
    21 | D:1      | Escaped the Abyss
   404 | D:1      | Reached skill level 3 in Invocations
   433 | D:1      | Gained mutation: You have a pair of small horns on your head. [demonic ancestry]
   433 | D:1      | Reached XP level 2. HP: 21/24 MP: 4/4
   609 | D:2      | Reached ** piety under Lugonu
   834 | D:2      | Reached XP level 3. HP: 22/29 MP: 5/5
   995 | D:2      | Reached skill level 4 in Invocations
  1201 | D:2      | Noticed a bullfrog
  1305 | D:2      | Killed a bullfrog
  1305 | D:2      | Reached skill level 5 in Invocations
  1305 | D:2      | Gained mutation: You have a pair of horns on your head. [demonic ancestry]
  1305 | D:2      | Reached XP level 4. HP: 17/35 MP: 7/7
  1497 | D:2      | Reached XP level 5. HP: 17/41 MP: 8/8
  2828 | D:3      | Noticed Stelteck's ghost (amateur DrFE)
  2911 | D:3      | Killed Stelteck's ghost
  2911 | D:3      | Reached skill level 6 in Invocations
  2911 | D:3      | Gained mutation: You are immune to rotting. [demonic ancestry]
  2911 | D:3      | Reached XP level 6. HP: 23/47 MP: 10/10
  3320 | D:3      | Noticed Natasha
  3330 | D:3      | HP: 2/47 [white imp[Natasha] (3)]
  3330 | D:3      | Slain by a white imp

Skill      XL: |  1  2  3  4  5 |
---------------+----------------+-----
Maces & Flails | 2 3 4 |  4.3
Invocations    | 3 5 6 |  6.1
Fighting       | |  3.0
Armour         | |  1.7
Dodging        | |  0.8

Action                   |  1- 3 |  4- 6 || total
-------------------------+-------+-------++-------
Melee: Mace              |    79 |   109 ||   188
       Headbutt          |    10 |    14 ||    24
  Use: Scroll            |       |     6 ||     6
  Eat: Chunk             |     1 |     7 ||     8
Armor: Leather armour    |    10 |       ||    10
       Ring mail         |    34 |    82 ||   116
Dodge: Dodged            |    36 |   107 ||   143
